 Dungeon Crawl Stone Soup version 0.25-a0-404-gc1b5a34292 (webtiles) character file.

Game seed: 10150552083460468554, levelgen mode: deterministic

3199 ChaosChampion the Covert (level 9, -3/59 HPs)
             Began as an Octopode Transmuter on Jan 10, 2020.
             Was a Priest of Cheibriados.
             Slain by a killer bee (6 damage)
             ... on level 8 of the Dungeon.
             The game lasted 00:55:24 (10133 turns).

ChaosChampion the Covert (Octopode Transmuter)     Turns: 10133, Time: 00:55:25

Health: -3/59      AC:  1    Str: 13 (16) XL:     9   Next: 96%
Magic:  17/17      EV: 16    Int: 22      God:    Cheibriados [***...]
Gold:   563        SH:  0    Dex: 20      Spells: 4/19 levels left

rFire    . . .     SeeInvis .     - Unarmed
rCold    + . .     Gourm    .   (no shield)
rNeg     . . .     Faith    .   (helmet restricted)
rPois    .         Spirit   .   y - amulet of magic regeneration
rElec    .         Reflect  .   h - ring of protection from fire
rCorr    .         Harm     .   x - ring of ice
MR       .....     Rnd*Tele +   z - ring of flight
Stlth    +++++.....             G - ring of teleportation (curse)
HPRegen  0.19/turn              (no ring)
MPRegen  0.40/turn              (no ring)
                                (no ring)
                                (no ring)

@: lethally poisoned (-3 -> -4), about to teleport, very slow
A: almost no armour, stealthy swim, amphibious, 8 rings, constrict 8, camouflage
1, gelatinous body 1
a: Bend Time, Temporal Distortion, Renounce Religion, Evoke Flight


You were on level 8 of the Dungeon.
You worshipped Cheibriados.
Cheibriados was most pleased with you.
You were not hungry.

You visited 2 branches of the dungeon, and saw 9 of its levels.

You collected 563 gold pieces.

Inventory:

Hand Weapons
 n - a +0 dagger of draining
 q - a +0 whip of venom
 v - the +7 trident "Oshren" {flame, rElec rC- MR+, unknown}
   (You found it on level 4 of the Dungeon)

   It has been specially enchanted to burn those struck by it, causing extra
   injury to most foes and up to half again as much damage against particularly
   susceptible opponents.
   It makes you vulnerable to cold.
   It insulates you from electricity.
   It affects your resistance to hostile enchantments.
 K - a +3 whip of holy wrath
Missiles
 a - 248 arrows
 p - 79 poisoned darts (quivered)
Armour
 o - a scarf of resistance
 D - a cursed +1 ring mail
Magical Staves
 N - an uncursed staff of poison {unknown}
Jewellery
 h - a ring of protection from fire (left tentacle)
 u - an uncursed amulet of rage
 x - a ring of ice (right tentacle)
 y - an amulet of magic regeneration (around mantle)
 z - a ring of flight (on tentacle)
 A - a cursed amulet of inaccuracy
 G - a cursed ring of teleportation (on tentacle)
 O - an uncursed ring of protection from magic
Wands
 C - a wand of random effects (11)
 M - a wand of flame (18)
Scrolls
 b - 6 scrolls of remove curse
 f - 5 scrolls of teleportation
 g - a scroll of immolation {unknown}
 i - a scroll of enchant weapon
 j - 2 scrolls of identify
 m - 2 scrolls of blinking
 B - a scroll of noise {unknown}
 F - 2 scrolls of fog
 H - a scroll of magic mapping
 I - 2 scrolls of fear
Potions
 d - a potion of ambrosia {unknown}
 k - a potion of might {unknown}
 l - a potion of degeneration
 r - 2 potions of haste
 s - a potion of magic {unknown}
 t - a potion of cancellation
 E - a potion of brilliance {unknown}
 J - a potion of agility {unknown}
 L - a potion of mutation {unknown}
Comestibles
 c - 5 rations


   Skills:
 * Level 4.7 Fighting
 - Level 0.7 Short Blades
 - Level 1.0 Maces & Flails
 - Level 0.6 Throwing
 * Level 4.8 Dodging
 * Level 8.5 Stealth
 * Level 6.7 Unarmed Combat
 * Level 5.6 Spellcasting
 * Level 5.4 Transmutations
 - Level 2.0 Poison Magic


You had 4 spell levels left.
You knew the following spells:

 Your Spells              Type           Power        Failure   Level  Hunger
a - Beastly Appendage     Tmut           ####..       1%          1    None
b - Sticks to Snakes      Tmut           ####....     1%          2    None
c - Spider Form           Tmut/Pois      ###.......   6%          3    ##.....
d - Ice Form              Ice/Tmut       ####....     30%         4    ####...
e - Blade Hands           Tmut           ####......   28%         5    #####..

Your spell library contained the following spells:

 Spells                   Type           Power        Failure   Level  Hunger
 Sting                    Tmut/Pois      ###.         1%          1    None
 Animate Skeleton         Necr           N/A          10%         1    None
 Pain                     Necr           #...         10%         1    None
 Poisonous Vapours        Pois/Air       ##....       10%         2    None
 Ignite Poison            Fire/Tmut/Pois ###.....     11%         3    ##.....
 Mephitic Cloud           Conj/Pois/Air  #.......     22%         3    ##.....
 Vampiric Draining        Necr           #.........   28%         3    ##.....
 Olgreb's Toxic Radiance  Pois           ###.....     38%         4    ####...
 Animate Dead             Necr           N/A          67%         4    ####...
 Agony                    Necr           #.......     95%         5    #####..


Dungeon Overview and Level Annotations

Branches:
Dungeon (8/15)             Temple (1/1) D:6
   Lair: D:8-11

Altars:
Ashenzari
Cheibriados
Dithmenos
Elyvilon
Fedhas
Gozag
Hepliaklqana
Kikubaaqudgha
Makhleb
Nemelex Xobeh
Okawaru
Qazlal
Ru
Sif Muna
Trog
Uskayaw
Vehumet
Wu Jian
Xom
Yredelemnul
Zin
The Shining One


Innate Abilities, Weirdness & Mutations

You cannot wear most types of armour.
You are very stealthy in the water. (Stealth+)
You are amphibious.
You can wear up to eight rings at the same time.
You can use your tentacles to constrict eight enemies at once.
Your skin changes colour to match your surroundings (Stealth+).
Your rubbery body absorbs attacks. (AC +1, EV +1)


Message History

The killer bee misses you. The killer bee stings you.
* * * LOW HITPOINT WARNING * * *
The killer bee stings you!
* * * LOW HITPOINT WARNING * * *
You are poisoned.
The killer bee poisons you! The killer bee closely misses you.
Things that are here:
a stone; a +0 short sword
Okay, then.
As you read the scroll of teleportation, it crumbles to dust.
You feel strangely unstable.
You are no longer corroded.
You feel sick. The killer bee barely misses you. x2
The killer bee stings you.
* * * LOW HITPOINT WARNING * * *
The killer bee stings you.
* * * LOW HITPOINT WARNING * * *
The killer bee misses you. The killer bee barely misses you.
The killer bee stings you.
You die...

.......# #.# *#.#.###.####
.....### #.# ##.###...... ##...#
####.### ##.###.....# ######
#......## #...##......
#########......<# #...##.....#
.......##.##.#..# #...##.....#
.......##.#..#..######........###
.......##.#.##..##............# #
.......##.......@yy..(........# #
.......##......###.((.........# #
.....)....(.#### ####(.....##.# #
.......####.### #.........# #
######## #...# #....#.#### #
###.# #....#.# #.# ##......#
##### #.# ##....>..######
....#########.#####..............


You could see 2 killer bees.

Vanquished Creatures
  2 ice beasts
  2 sky beasts
  2 orc warriors
  2 phantoms
  2 ogres
  3 centaurs (D:8)
  3 big kobolds
  Blork the orc (D:6)
  5 bullfrogs
  3 scorpions
  4 killer bees (D:8)
  A howler monkey (D:6)
  2 crimson imps
  2 quasits
  2 bullfrog zombies (D:7)
  3 hounds
  A centaur skeleton (D:5)
  A gnoll shaman (D:8)
  An orc priest (D:6)
  2 jellies
  A bullfrog skeleton (D:4)
  3 iguanas
  Terence (D:3)
  5 worker ants
  Ijyb (D:2)
  2 orc wizards (D:8)
  A hound zombie (D:7)
  A hound skeleton (D:8)
  5 gnolls
  10 adders
  2 shadow imps
  An ooze (D:1)
  An adder zombie (D:5)
  5 worms
  4 dart slugs
  9 leopard geckos
  17 orcs
  10 bats
  13 giant cockroaches
  8 goblins
  12 hobgoblins
  13 jackals
  16 kobolds
  5 quokkas
  A ball python (D:1)
  5 frilled lizards
  A leopard gecko skeleton (D:5)
  12 rats
209 creatures vanquished.

Vanquished Creatures (collateral kills)
  A crimson imp (D:6)
  An orc wizard (D:6)
  5 orcs
  A leopard gecko zombie (D:6)
8 creatures vanquished.

Vanquished Creatures (others)
  A howler monkey (D:6)
  A hound (D:6)
  2 orcs (D:6)
  A quokka (D:6)
5 creatures vanquished.

Grand Total: 222 creatures vanquished

Notes
Turn   | Place    | Note
-------+----------+-------------------------------------------
     0 | D:1      | ChaosChampion the Octopode Transmuter began the quest for
                  | the Orb.
     0 | D:1      | Reached XP level 1. HP: 13/13 MP: 3/3
   122 | D:1      | Reached XP level 2. HP: 9/18 MP: 5/5
   326 | D:1      | Reached skill level 1 in Stealth
   593 | D:1      | Reached XP level 3. HP: 3/23 MP: 4/6
  1041 | D:1      | Reached skill level 2 in Stealth
  1994 | D:2      | Reached skill level 3 in Stealth
  1994 | D:2      | Reached XP level 4. HP: 28/28 MP: 7/7
  2355 | D:2      | Learned a level 2 spell: Sticks to Snakes
  2485 | D:2      | Reached skill level 4 in Stealth
  2641 | D:3      | Noticed Ijyb
  2722 | D:2      | Killed Ijyb
  2722 | D:2      | Reached skill level 1 in Maces & Flails
  2722 | D:2      | Reached XP level 5. HP: 17/34 MP: 8/8
  3353 | D:3      | Noticed Terence
  3375 | D:3      | Killed Terence
  3605 | D:4      | Noticed an ogre
  3629 | D:4      | Found a glowing drain.
  3644 | D:4      | Reached skill level 5 in Stealth
  3667 | D:4      | Killed an ogre
  3667 | D:4      | Reached XP level 6. HP: 39/39 MP: 4/10
  3856 | D:4      | Got an ebony trident
  3882 | D:4      | Noticed a phantom
  3924 | D:4      | Killed a phantom
  3924 | D:4      | Reached skill level 6 in Stealth
  3924 | D:4      | Reached XP level 7. HP: 16/45 MP: 5/11
  3938 | D:4      | Learned a level 3 spell: Spider Form
  4062 | D:4      | You fall into a shaft and drop 2 floors!
  4140 | D:5      | Entered Level 5 of the Dungeon
  4260 | D:5      | Reached skill level 1 in Poison Magic
  4989 | D:4      | Found a shadowy altar of Dithmenos.
  5034 | D:4      | Reached XP level 8. HP: 34/52 MP: 13/13
  5490 | D:5      | Reached skill level 7 in Stealth
  5740 | D:6      | Found a staircase to the Ecumenical Temple.
  6077 | D:6      | Found a shimmering altar of Xom.
  6623 | D:6      | Noticed Blork the orc
  6644 | Temple   | Entered the Ecumenical Temple
  6729 | Temple   | Became a worshipper of Cheibriados the Contemplative
  7319 | D:6      | Killed Blork the orc
  7319 | D:6      | Reached skill level 5 in Unarmed Combat
  7319 | D:6      | Reached XP level 9. HP: 36/58 MP: 12/16
  7836 | D:7      | Reached * piety under Cheibriados
  7906 | D:7      | Reached skill level 8 in Stealth
  7906 | D:7      | Reached skill level 5 in Spellcasting
  7963 | D:7      | Found an ornate altar of the Wu Jian Council.
  8477 | D:8      | Reached ** piety under Cheibriados
  8997 | D:8      | Reached skill level 5 in Transmutations
  9005 | D:8      | HP: 2/59 [killer bee (6)]
  9799 | D:8      | Learned a level 4 spell: Ice Form
  9805 | D:8      | Learned a level 5 spell: Blade Hands
  9917 | D:8      | Reached *** piety under Cheibriados
 10133 | D:8      | Slain by a killer bee

Levels and vault maps discovered:
D:1:      dpeg_arrival_concentric_ovals, layout_loops_ring
D:2:      minmay_razor_zed, layout_basic, first_ration
D:3:      layout_rooms, uniq_terence, uniq_ijyb
D:4:      layout_basic, portal_sewer_entry_f, nicolae_dithmenos_the_darkroom
D:5:      layout_cave_pods
D:6:      layout_cave_pods, temple_doors_e, xom_confusion_cloud,
          uniq_blork_the_orc
D:7:      layout_basic, lemuel_round_altar
D:8:      layout_loops_cross
Temple:   nicolae_temple_the_god_donut

Skill      XL: |  1  2  3  4  5  6  7  8  9 |
---------------+----------------------------+-----
Stealth        | 1 3 4 5 6 7 8 |  8.5
Maces & Flails | 1 |  1.0
Fighting       | 2 3 4 |  4.7
Dodging        | 3 4 |  4.8
Spellcasting   | 3 4 5 |  5.6
Transmutations | 3 4 5 |  5.4
Poison Magic   | 1 2 |  2.0
Unarmed Combat | 5 6 |  6.7
Short Blades   | |  0.7
Throwing       | |  0.6

Action                   |  1- 3 |  4- 6 |  7- 9 || total
-------------------------+-------+-------+-------++-------
Melee: Unarmed           |    72 |    26 |   314 ||   412
       Constrict         |    24 |    36 |    62 ||   122
       Kick              |    12 |     3 |    34 ||    49
       Tentacles         |    14 |    24 |    67 ||   105
       Punch             |     2 |     2 |    16 ||    20
       Dagger            |    14 |     5 |       ||    19
       Whip              |       |   124 |    88 ||   212
Throw: Dart              |       |       |    13 ||    13
 Cast: Beastly Appendage |    12 |     4 |    25 ||    41
       Sticks to Snakes  |       |     4 |    26 ||    30
       Spider Form       |       |       |    14 ||    14
       Ice Form          |       |       |     1 ||     1
  Use: Scroll            |       |     4 |    13 ||    17
       Potion            |       |       |    12 ||    12
 Stab: Sleeping          |    16 |    13 |     9 ||    38
       Distracted        |       |     1 |     3 ||     4
  Eat: Chunk             |     4 |     5 |    10 ||    19
       Ration            |       |       |     3 ||     3
Armor: Skin              |     3 |     4 |    18 ||    25
Dodge: Dodged            |    45 |    94 |   359 ||   498

Table legend:
 A = Non-vault XP
 B = Vault XP
 C = Vault XP percentage of total XP
 D = Non-vault monster count
 E = Vault monster count
 F = Vault count percentage of total count
                 A         B        C        D         E       F
            +---------+---------+-------+---------+---------+-------
      Total |    4046 |     524 |  11.5 |     191 |      26 |  12.0
            +---------+---------+-------+---------+---------+-------
        D:1 |      42 |       0 |   0.0 |      20 |       0 |   0.0
        D:2 |      67 |      86 |  56.2 |      24 |      14 |  36.8
        D:3 |      72 |      36 |  33.3 |      28 |       1 |   3.4
        D:4 |     514 |      11 |   2.1 |      14 |       5 |  26.3
        D:5 |     552 |       0 |   0.0 |      21 |       0 |   0.0
        D:6 |     632 |     391 |  38.2 |      21 |       6 |  22.2
        D:7 |     676 |       0 |   0.0 |      17 |       0 |   0.0
        D:8 |    1491 |       0 |   0.0 |      46 |       0 |   0.0
            +---------+---------+-------+---------+---------+-------
